 Dungeon Crawl Stone Soup version 0.31.0-1-g2c135a008e (webtiles) character file.

Game seed: 18254198168941061103

71 qw the Shooter (level 4, -2/35 HPs)
             Began as a Djinni Hunter on Jan 23, 2024.
             Slain by a goblin
             ... wielding a +0 dagger
             ... led by Robin
              (4 damage)
             ... on level 3 of the Dungeon.
             The game lasted 00:00:07 (1589 turns).

qw the Shooter (Djinni Hunter)                      Turns: 1589, Time: 00:00:07

Health: -2/35      AC:  6    Str: 10    XL:     4   Next: 47%
Gold:   75         EV: 11    Int: 11    God:
                   SH:  0    Dex: 18

rFire   + . .        a - +1 shortbow
rCold   . . .        (shield currently unavailable)
rNeg    . . .        f - +0 ring mail
rPois   inf          (no helmet)
rElec   .            c - +0 cloak
rCorr   .            (no gloves)
SInv    .            (boots unavailable)
Will    .....        (no amulet)
Stlth   +            k - ring of ice
HPRegen 0.25/turn    (no ring)
MPRegen 0.00/turn

%: infuse magic (-3 HP)
@: flying
A: sickness immunity, fire resistance 2, cold vulnerability 1, float, innate
caster, HP casting, extra vitality 1
a: no special abilities


You were on level 3 of the Dungeon.
You visited 1 branch of the dungeon, and saw 3 of its levels.

You collected 75 gold pieces.


Innate Abilities, Weirdness & Mutations

You are immune to sickness and miasma.
You are immune to poison.
Your flesh is very heat resistant. (rF++)
You are vulnerable to cold. (rC-)
You float through the air rather than walking.
You learn spells naturally, not from books.
Your magical power is your life essence.
You have superior vitality. (+4 MHP)


   Skills:
 - Level 3.0 Fighting
 + Level 4.1 Ranged Weapons
 - Level 1.0 Armour
 - Level 2.1 Dodging
 - Level 0.7 Stealth


You knew the following spells:

 Your Spells              Type           Power      Damage    Failure   Level
a - Sting                 Conj/Alch      0%         1d3       65%         1
Your spell library was empty.

Inventory:

Hand Weapons
 a - a +1 shortbow (weapon)
Armour
 c - a +0 cloak (worn)
 f - a +0 ring mail (worn)
Jewellery
 k - a ring of ice (left hand)
Potions
 b - a potion of magic {unknown}
 d - a potion of curing
 e - a potion of brilliance {unknown}
 g - a potion of resistance {unknown}

Dungeon Overview and Level Annotations

Branches:
Dungeon (3/15)

Altars:

Shops:
D:2 :

Annotations:
D:3 Robin


Message History

The goblin goes into a battle-frenzy!
The adder bites you but does no damage. The goblin misses you.
Robin closely misses you.
You shoot an arrow. The arrow barely misses Robin.
The adder barely misses you. The goblin hits you but does no damage.
Robin hits you with a +6 mace of protection.
The adder bites you but does no damage.
You shoot an arrow. The arrow barely misses Robin.
The adder bites you. The goblin hits you with a +0 dagger. Robin misses you.
The adder closely misses you.
You shoot an arrow. The arrow completely misses Robin.
The goblin hits you but does no damage. Robin closely misses you.
The adder bites you. The goblin hits you but does no damage.
Robin hits you with a +6 mace of protection!
The adder bites you but does no damage.
You shoot an arrow. The arrow completely misses Robin.
The adder closely misses you. The goblin misses you.
Robin hits you with a +6 mace of protection.
You shoot an arrow. The arrow barely misses Robin.
The adder misses you. The goblin barely misses you. Robin barely misses you.
The adder bites you but does no damage.
You shoot an arrow. The arrow hits Robin.
Robin is lightly wounded.
The adder bites you but does no damage. The goblin hits you but does no damage.
Robin closely misses you. The adder misses you.
The goblin hits you with a +0 dagger. Robin barely misses you.
You shoot an arrow. The arrow hits Robin.
Robin is moderately wounded.
The adder misses you. The goblin barely misses you.
Robin hits you with a +6 mace of protection.
The adder bites you.
You shoot an arrow. The arrow completely misses Robin.
The goblin hits you but does no damage.
Robin hits you with a +6 mace of protection.
The adder bites you but does no damage.
You shoot an arrow.
The arrow hits Robin but does no damage.
Robin is moderately wounded.
The adder bites you but does no damage. The goblin hits you with a +0 dagger.
You die...

### ###....
########g....#
..)...g@.....#
.###....S......
#...........
#............
#............
#........#...
.........#...
##.######.. ..


You could see Robin, an adder and a goblin (strong).

Vanquished Creatures
  4 dart slugs
  3 orcs (D:2)
  3 bats (D:1)
  2 endoplasms
  2 giant cockroaches
  15 goblins
  4 hobgoblins
  3 quokkas
  7 ball pythons
  6 frilled lizards
  3 kobolds
  4 rats
56 creatures vanquished.

Notes
Turn   | Place    | Note
-------+----------+-------------------------------------------
     0 | D:1      | qw the Djinni Hunter began the quest for the Orb.
     0 | D:1      | Reached XP level 1. HP: 18/18 MP: 0/0
     0 | D:1      | 0 ||| qw: Version: 0.3-a-135-gb77e89d
     0 | D:1      | 0 ||| qw: Game counter: 956
     0 | D:1      | 0 ||| qw: Melee chars always use a shield: true
     0 | D:1      | 0 ||| qw: God list: Okawaru
     0 | D:1      | 0 ||| qw: Allow faded altars: false
     0 | D:1      | 0 ||| qw: Do Orc after clearing Dungeon:15 true
     0 | D:1      | 0 ||| qw: Do second Lair branch before Depths: true
     0 | D:1      | 0 ||| qw: Lair rune preference: random
     0 | D:1      | 0 ||| qw: Goals: Normal
     0 | D:1      | 0 ||| PLANNING D:1-11
    31 | D:1      | Reached XP level 2. HP: 23/23 MP: 0/0
   213 | D:1      | Found a faded altar of an unknown god.
   267 | D:1      | Reached skill level 4 in Ranged Weapons
   267 | D:1      | Reached XP level 3. HP: 28/28 MP: 0/0
   267 | D:1      | Learned a level 1 spell: Sting
   568 | D:1      | 568 ||| UPGRADING to +0 ring mail.
   578 | D:1      | 578 ||| DROPPING +0 leather armour.
   579 | D:1      | 579 ||| UPGRADING to ring of ice.
   580 | D:1      | 580 ||| READING scroll labelled BYQIFE IFOYNG.
   580 | D:1      | 580 ||| ENCHANTING +0 shortbow.
   581 | D:1      | 581 ||| READING scroll labelled KOADAE ZULUSK.
   581 | D:1      | 581 ||| IDENTIFYING cyan potion
   582 | D:1      | 582 ||| READING 2 scrolls labelled SEQEL BEDDUZ.
   583 | D:1      | 583 ||| DRINKING 2 lumpy puce potions.
   584 | D:1      | 584 ||| DROPPING scroll of butterflies.
   585 | D:1      | 585 ||| DROPPING potion of attraction.
   586 | D:1      | 586 ||| DROPPING scroll of poison.
   725 | D:2      | Reached skill level 1 in Armour
  1052 | D:2      | Found Kado's Book Boutique.
  1056 | D:2      | Reached XP level 4. HP: 33/34 MP: 0/0
  1308 | D:2      | 1308 ||| UPGRADING to +0 cloak.
  1321 | D:3      | Noticed Robin
  1325 | D:3      | 1325 ||| STAIRDANCE
  1330 | D:3      | 1330 ||| STAIRDANCE
  1347 | D:2      | Reached skill level 3 in Fighting
  1356 | D:3      | 1356 ||| STAIRDANCE
  1367 | D:2      | HP: 8/35 [orc/+0 mace (5)]
  1483 | D:3      | 1483 ||| STAIRDANCE
  1583 | D:3      | HP: 8/35 [Robin/+6 mace of protection (8)]
  1588 | D:3      | HP: 2/35 [Robin/+6 mace of protection (2)]
  1589 | D:3      | Slain by a goblin

Levels and vault maps discovered:
D:1:      wander_arrival_peaceful_grave, layout_basic,
          shapermc_ecumenical_altar_ellora
D:2:      layout_basic, serial_shops, nicolae_shop_rolling_square,
          minmay_misc_feat_ornament, kennysheep_generic_room_9
D:3:      layout_loops_cross, mainiacjoe_overflow_cross_hatched,
          mainiacjoe_overflow_24_doors, lemuel_round_altar, roderic_lattice_a,
          minmay_goblin_outpost, uniq_sigmund, uniq_robin

Skill      XL: |  1  2  3  4 |
---------------+-------------+-----
Ranged Weapons | 4 |  4.1
Armour         | 1 |  1.0
Fighting       | 3 |  3.0
Dodging        | |  2.1
Stealth        | |  0.7

Action                     |  1- 3 |  4- 6 || total
---------------------------+-------+-------++-------
   Fire: Shortbow          |    90 |    65 ||   155
    Use: Scroll            |     3 |       ||     3
         Potion            |     1 |       ||     1
 Armour: Leather armour    |     7 |       ||     7
         Ring mail         |     6 |   100 ||   106
  Dodge: Dodged            |    15 |    76 ||    91

Table legend:
 A = Non-vault XP
 B = Vault XP
 C = Vault XP percentage of total XP
 D = Non-vault monster count
 E = Vault monster count
 F = Vault count percentage of total count
                 A         B        C        D         E       F
            +---------+---------+-------+---------+---------+-------
      Total |      83 |      19 |  18.6 |      46 |      10 |  17.9
            +---------+---------+-------+---------+---------+-------
        D:1 |      45 |       0 |   0.0 |      25 |       0 |   0.0
        D:2 |      38 |      15 |  28.3 |      21 |       8 |  27.6
        D:3 |       0 |       4 | 100.0 |       0 |       2 | 100.0
            +---------+---------+-------+---------+---------+-------
